 Dungeon Crawl Stone Soup version 0.30-a0-737-gf23d94013f (webtiles) character file.

Game seed: 5907547712445148191

1502 kae the Geomancer (level 8, -31/41 HPs)
             Began as a Gargoyle Earth Elementalist on Feb 2, 2023.
             Was a Follower of Vehumet.
             Killed from afar by an acid dragon (35 damage)
             ... with a splash of acid
             ... on level 7 of the Dungeon.
             The game lasted 00:04:35 (5334 turns).

kae the Geomancer (Gargoyle Earth Elementalist)     Turns: 5334, Time: 00:04:36

Health: -31/41     AC: 10    Str: 11    XL:     8   Next: 82%
Magic:  10/15      EV: 11    Int: 19    God:    Vehumet [*.....]
Gold:   219        SH:  0    Dex: 10    Spells: 6/16 levels left

rFire   . . .      SeeInvis .    g - +4 dagger (flame)
rCold   . . .      Faith    .    (no shield)
rNeg    + . .      Spirit   .    a - +0 robe
rPois   ∞          Reflect  .    (no helmet)
rElec   +          Harm     .    x - +1 cloak
rCorr   .          Rampage  .    k - +0 pair of gloves
Will    .....                    (no boots)
Stlth   ++                       (no amulet)
HPRegen 0.26/turn                (no ring)
MPRegen 0.14/turn                (no ring)

@: no status effects
A: sickness immunity, AC +5, negative energy resistance 1, electricity
resistance, torment resistance 1, petrification resistance
a: Renounce Religion


You were on level 7 of the Dungeon.
You worshipped Vehumet.
Vehumet was aware of your devotion.
You visited 2 branches of the dungeon, and saw 8 of its levels.

You collected 219 gold pieces.


Innate Abilities, Weirdness & Mutations

You are immune to sickness and miasma.
Your stone body is resilient. (AC +5)
You are immune to poison.
You resist negative energy. (rN+)
You are resistant to electric shocks. (rElec)
You are resistant to unholy torment.
You are immune to petrification.


   Skills:
 - Level 1.5 Dodging
 - Level 2.1 Stealth
 + Level 4.8 Spellcasting
 * Level 6.9 Conjurations
 - Level 0.7 Transmutations
 * Level 9.1 Earth Magic


You had 6 spell levels left.
You knew the following spells:

 Your Spells              Type           Power      Damage    Failure   Level
a - Sandblast             Erth           78%        2d17      1%          1
b - Stone Arrow           Conj/Erth      70%        3d11      1%          3
c - Passwall              Tmut/Erth      19%        N/A       2%          2
d - Petrify               Tmut/Erth      23%        N/A       17%         4

Your spell library contained the following spells:

 Spells                   Type           Power      Damage    Failure   Level
 Shock                    Conj/Air       68%        1d7       3%          1
 Scorch                   Fire           8%         2d5       19%         2
 Flame Wave               Conj/Fire      17%        2d7       30%         4
 Portal Projectile        Hex/Tloc       8%         N/A       36%         3
 Tukima's Dance           Hex            4%         N/A       36%         3
 Blade Hands              Tmut           3%         N/A       95%         5
 Summon Cactus Giant      Summ           2%         N/A       100%        6

Inventory:

Hand Weapons
 g - a +4 dagger of flaming (weapon)
   (You took it off a goblin on level 1 of the Dungeon)
Missiles
 e - 58 stones
 i - 4 boomerangs of dispersal {=f!f}
 q - 5 atropa-tipped darts
 s - 6 poisoned darts
 w - a throwing net {=f!f}
Armour
 a - a +0 robe (worn)
 k - a +0 pair of gloves (worn)
   (You found it on level 2 of the Dungeon)
 x - a +1 cloak (worn)
   (You found it on level 5 of the Dungeon)
Magical Staves
 r - a staff of fire {!a}
   (You found it on level 3 of the Dungeon)
Jewellery
 C - a ring of ice
   (You found it on level 3 of the Dungeon)
Wands
 f - a wand of polymorph (6)
   (You found it on level 3 of the Dungeon)
 n - a wand of paralysis (9)
   (You found it on level 4 of the Dungeon)
 y - a wand of quicksilver (12)
   (You found it on level 6 of the Dungeon)
Scrolls
 o - a scroll of fear
 t - a scroll of magic mapping {!r}
Potions
 b - a potion of magic
 c - 2 potions of degeneration {!q}
 d - a potion of cancellation
 h - 4 potions of heal wounds {@q2}
 j - 2 potions of curing {@q1}
 l - 3 potions of mutation {!q}
 m - 2 potions of invisibility
 p - 3 potions of haste {unknown}
 v - a potion of ambrosia
 z - a potion of attraction {unknown}

Dungeon Overview and Level Annotations

Branches:
Dungeon (7/15) Zot: 26913  Temple (1/1) D:4 Zot: 5884

Altars:
Cheibriados
Dithmenos
Elyvilon
Fedhas
Gozag
Hepliaklqana
Makhleb
Qazlal
Sif Muna
Uskayaw
Vehumet
Xom
Yredelemnul
The Shining One

Shops:
D:3 (*[ D:4

( .####........#*
***********,,***, ## #######.##
*..,,,,,,,*,,*,,, * #......#
*.##***,,,,,,,,*, ##.######
##.(.,,,,,,*,,***, #...#
#...,,,*,,,*,,,,,, #...#
#..#*,.#,********, #...#
#..##..#.* *, #...#
####........****** *,
*####...#####...@..<...#,,,,,* *,
..........D...##.......#,,,,,****
.........o#.............,,,,,*,,,
..............###...##$#,,,,,*,**
#####..)#####.#**.!...,#,,,,,*,**
#...# *,,,,...###*******,*, #.o.#
*****.###* *,*, #.S.# *,>,..,,*
*,*, **#...*** *,**,**,*
*******,,,


You could see an acid dragon (catching breath) and an orc.


Message History

a killer bee corpse; a killer bee corpse Really read
t - 2 scrolls of magic mapping {!r}?
As you read the scroll of magic mapping {!r}, it crumbles to dust.
You feel aware of your surroundings. 😮 HP[+1]
An ice beast comes into view. 😕 HP[+8] MP[+5]
You regained 8 hp, and now have 32/41 hp.
You regained 5 mp, and now have 12/15 mp. 😕 HP[+1]
Casting: Sandblast (safe; 1% risk of failure)
Confirm with . or Enter, or press ? or * to list all spells.
You can't see any susceptible monsters within range! (Use Z to cast anyway.)
Casting: Sandblast (safe; 1% risk of failure)
Confirm with . or Enter, or press ? or * to list all spells.
Aiming: Sandblast (safe; 1% risk of failure)
Press: ? - help, Shift-Dir - straight line, f - ice beast
Aim: an ice beast (84% to hit)
The blast of sand hits the ice beast!! 😕 MP[-1]
You lost 1 mp, and now have 11/15 mp.
Casting: Sandblast (safe; 1% risk of failure)
Confirm with . or Enter, or press ? or * to list all spells.
Aiming: Sandblast (safe; 1% risk of failure)
Press: ? - help, Shift-Dir - straight line, f/p - ice beast
Aim: an ice beast (severely wounded, 84% to hit)
The blast of sand hits the ice beast!!
You kill the ice beast!
Vehumet accepts your kill.
Your Earth Magic skill increases to level 9! 😕 HP[+1]
Casting: Sandblast (safe; 1% risk of failure)
Confirm with . or Enter, or press ? or * to list all spells.
You can't see any susceptible monsters within range! (Use Z to cast anyway.)
Casting: Sandblast (safe; 1% risk of failure)
Confirm with . or Enter, or press ? or * to list all spells.
You can't see any susceptible monsters within range! (Use Z to cast anyway.)
(D) Dungeon (T) Temple
Where to? (Enter - D:7 @ (x,y), ? - help) 2 orcs come into view.
An orc is wielding a +0 short sword and wearing a +2 leather armour of fire resistance.
Unknown command. 😕 HP[+1]
Casting: Sandblast (safe; 1% risk of failure)
Confirm with . or Enter, or press ? or * to list all spells.
Aiming: Sandblast (safe; 1% risk of failure)
Press: ? - help, Shift-Dir - straight line, f - orc
Aim: an orc, wielding a +0 mace (84% to hit)
The blast of sand hits the orc!!
You kill the orc!
Vehumet accepts your kill. 😕 MP[-1]
You lost 1 mp, and now have 10/15 mp.
Casting: Sandblast (safe; 1% risk of failure)
Confirm with . or Enter, or press ? or * to list all spells.
You can't see any susceptible monsters within range! (Use Z to cast anyway.)
Casting: Sandblast (safe; 1% risk of failure)
Confirm with . or Enter, or press ? or * to list all spells.
You can't see any susceptible monsters within range! (Use Z to cast anyway.)
Casting: Sandblast (safe; 1% risk of failure)
Confirm with . or Enter, or press ? or * to list all spells.
You can't see any susceptible monsters within range! (Use Z to cast anyway.)
Casting: Sandblast (safe; 1% risk of failure)
Confirm with . or Enter, or press ? or * to list all spells.
You can't see any susceptible monsters within range! (Use Z to cast anyway.)
Casting: Sandblast (safe; 1% risk of failure)
Confirm with . or Enter, or press ? or * to list all spells.
You can't see any susceptible monsters within range! (Use Z to cast anyway.)
An acid dragon comes into view.
The orc shouts!
The acid dragon roars!
The acid dragon moves out of view. 😕 HP[+1] MP[+1]
Casting: Sandblast (safe; 1% risk of failure)
Confirm with . or Enter, or press ? or * to list all spells.
Aiming: Sandblast (safe; 1% risk of failure)
Press: ? - help, Shift-Dir - straight line, f - orc
Aim: an orc, wielding a +0 short sword and wearing a +2 leather armour of fire resistance (84% to hit)
The blast of sand hits the orc.
A water moccasin comes into view.
An orc comes into view. It is wielding a +0 flail.
The acid dragon spits acid at you. The splash of acid hits you!!
Ouch! That really hurt!
* * * LOW HITPOINT WARNING * * *
The water moccasin hisses angrily. 😱 HP[-32] MP[-1]
You take 32 damage, and now have 4/41 hp.
MASSIVE DAMAGE!! (PAUSE)
You lost 1 mp, and now have 10/15 mp.
Okay, then.
Really read
u - a scroll of blinking {!r}?
Blink to where?
Press: ? - help, Dir - move target, p - orc
Found 16 gold pieces, a silvery potion and 5 stones.
Found a stone staircase leading up.
As you read the scroll of blinking {!r}, it crumbles to dust.
The acid dragon spits acid at you. The splash of acid hits you!!
Ouch! That really hurt!
You die...

Skill      XL: |  1  2  3  4  5  6  7  8 |
---------------+-------------------------+-----
Earth Magic    | 4 5 6 7 9 |  9.1
Conjurations   | 1 3 4 5 6 |  6.9
Spellcasting   | 3 4 |  4.8
Dodging        | |  1.5
Stealth        | |  2.1
Transmutations | |  0.7

Action                     |  1- 3 |  4- 6 |  7- 9 || total
---------------------------+-------+-------+-------++-------
  Melee: Dagger            |     5 |    29 |    19 ||    53
   Cast: Sandblast         |    62 |    28 |    85 ||   175
         Stone Arrow       |       |     2 |     3 ||     5
    Use: Scroll            |     7 |     5 |     7 ||    19
 Armour: Robe              |     7 |    11 |    52 ||    70
  Dodge: Dodged            |    11 |    16 |    41 ||    68

Levels and vault maps discovered:
D:1:      co_arrival_square_in_a_square_in_a_square, layout_basic
D:2:      layout_loops_ring, basic_altar
D:3:      layout_loops_ring, serial_shops, nicolae_diamond_shop,
          nicolae_shop_stone, nicolae_diamond_shop,
          ebering_ecumenical_altar_rust, minmay_ogre_servants, uniq_sigmund
D:4:      cheibrodos_quashed, layout_basic, minmay_temple_entry_gardened_gates,
          serial_shops, nicolae_shop_crystal, uniq_duvessa
D:5:      layout_loops_ring, grunt_decor_junction
D:6:      layout_basic, kennysheep_little_box, mainiacjoe_overflow_24_doors,
          gup_sewer_entry_spiral
D:7:      layout_loops_cross, minivault_11
Temple:   dshaligram_water_room_temple

Notes
Turn   | Place    | Note
-------+----------+-------------------------------------------
     0 | D:1      | kae the Gargoyle Earth Elementalist began the quest for the
                  | Orb.
     0 | D:1      | Reached XP level 1. HP: 10/10 MP: 3/3
     0 | D:1      | magus.rc [v1.11.3]
   105 | D:1      | You pick up a book of Weapons and begin reading...
   105 | D:1      | You add the spells Tukima's Dance, Portal Projectile and
                  | Blade Hands to your library.
   156 | D:1      | Reached skill level 4 in Earth Magic
   200 | D:1      | Reached XP level 2. HP: 15/15 MP: 1/5
   553 | D:1      | Reached XP level 3. HP: 19/19 MP: 2/6
   557 | D:1      | Learned a level 2 spell: Passwall
   561 | D:1      | Learned a level 3 spell: Stone Arrow
  1578 | D:2      | Found a basalt altar of Yredelemnul.
  1593 | D:2      | Reached skill level 1 in Conjurations
  1917 | D:3      | Reached skill level 5 in Earth Magic
  1917 | D:3      | Reached XP level 4. HP: 24/24 MP: 5/7
  2036 | D:3      | Noticed Sigmund
  2042 | D:3      | Killed Sigmund
  2043 | D:3      | Reached skill level 3 in Spellcasting
  2043 | D:3      | Reached skill level 3 in Conjurations
  2043 | D:3      | Reached skill level 6 in Earth Magic
  2043 | D:3      | Reached XP level 5. HP: 15/28 MP: 1/9
  2043 | D:3      | Reached XP level 6. HP: 18/32 MP: 1/10
  2157 | D:3      | Found Kaz Wur's General Store.
  2205 | D:3      | Found a faded altar of an unknown god.
  2224 | D:3      | Found Cal Miraru's Antique Weapon Shop.
  2413 | D:3      | Found Kiv Zin's Armour Shoppe.
  2828 | D:4      | Reached skill level 4 in Conjurations
  2832 | D:4      | Reached XP level 7. HP: 27/36 MP: 4/12
  2926 | D:4      | You pick up a book of Scorching and begin reading...
  2926 | D:4      | You add the spells Scorch, Flame Wave and Summon Cactus
                  | Giant to your library.
  3004 | D:4      | Found Buutogg's Antique Weapon Emporium.
  3290 | D:4      | Found a staircase to the Ecumenical Temple.
  3308 | Temple   | Entered the Ecumenical Temple
  3414 | Temple   | Became a worshipper of Vehumet
  3493 | D:4      | Reached skill level 7 in Earth Magic
  3716 | D:4      | Noticed Duvessa
  3716 | D:4      | Noticed Dowan
  3719 | D:4      | Killed Duvessa
  3720 | D:4      | Reached skill level 5 in Conjurations
  3729 | D:4      | Killed Dowan
  3730 | D:4      | Reached skill level 4 in Spellcasting
  3959 | D:4      | Learned a level 4 spell: Petrify
  3994 | D:5      | Entered Level 5 of the Dungeon
  4257 | D:5      | Reached XP level 8. HP: 41/41 MP: 11/14
  4261 | D:5      | Reached skill level 8 in Earth Magic
  4598 | D:5      | Reached skill level 6 in Conjurations
  4712 | D:5      | Reached * piety under Vehumet
  4712 | D:5      | Offered knowledge of Shock by Vehumet.
  5198 | D:6      | Found a shadowy altar of Dithmenos.
  5255 | D:6      | You fall into a shaft and drop 1 floor!
  5326 | D:7      | Reached skill level 9 in Earth Magic
  5333 | D:7      | HP: 4/41 [acid dragon/splash of acid (32)]
  5334 | D:7      | Killed from afar by an acid dragon

Vanquished Creatures
  Sigmund (D:3)
  Duvessa (D:4)
  An ice beast (D:7)
  A black bear (D:5)
  2 ogres
  A scorpion (D:4)
  Dowan (D:4)
  4 killer bees (D:7)
  A howler monkey (D:5)
  3 jellies
  A hound (D:5)
  2 orc priests
  4 iguanas
  2 orc wizards (D:5)
  7 gnolls
  5 adders
  A white imp (D:5)
  A worm (D:4)
  8 orcs
  4 bats
  3 endoplasms
  2 giant cockroaches
  22 goblins
  3 hobgoblins
  11 jackals
  5 quokkas
  8 ball pythons
  3 frilled lizards
  9 kobolds
  8 rats
125 creatures vanquished.

Table legend:
 A = Non-vault XP
 B = Vault XP
 C = Vault XP percentage of total XP
 D = Non-vault monster count
 E = Vault monster count
 F = Vault count percentage of total count
                 A         B        C        D         E       F
            +---------+---------+-------+---------+---------+-------
      Total |    1573 |     574 |  26.7 |     113 |      12 |   9.6
            +---------+---------+-------+---------+---------+-------
        D:1 |      47 |       0 |   0.0 |      29 |       0 |   0.0
        D:2 |      24 |       0 |   0.0 |      13 |       0 |   0.0
        D:3 |      42 |     365 |  89.7 |      17 |      10 |  37.0
        D:4 |     422 |     209 |  33.1 |      26 |       2 |   7.1
        D:5 |     602 |       0 |   0.0 |      21 |       0 |   0.0
        D:6 |      42 |       0 |   0.0 |       1 |       0 |   0.0
        D:7 |     394 |       0 |   0.0 |       6 |       0 |   0.0
            +---------+---------+-------+---------+---------+-------

Illustrated notes

Table legend:
 A = Kills in this place as a percentage of kills in entire the game.
 B = Kills by you in this place as a percentage of kills by you in the entire game.
 C = Kills by friends in this place as a percentage of kills by friends in the entire game.
 D = Other kills in this place as a percentage of other kills in the entire game.
 E = Experience gained in this place as a percentage of experience gained in the entire game.
 F = Experience gained in this place divided by the number of levels of this place that you have seen.
                   A       B       C       D       E      F
               +-------+-------+-------+-------+-------+----------------------
         Total | 100.0 | 100.0 |   N/A |   N/A | 100.0 | 268.4
       Dungeon | 100.0 | 100.0 |   N/A |   N/A | 100.0 | 306.7
               +-------+-------+-------+-------+-------+----------------------

Table legend: (Time is in decaauts)
 A = Elapsed time spent in this place.
 B = Non-inter-level travel time spent in this place.
 C = Inter-level travel time spent in this place.
 D = Time resting spent in this place.
 E = Time spent auto-exploring this place.
 F = Levels seen in this place.
 G = Mean time per level.
                   A        B        C        D        E       F      G
               +--------+--------+--------+--------+--------+-----+--------+
         Total |   5419 |   5199 |    220 |     91 |   4424 |   8 |  677.4 |
       Dungeon |   5304 |   5122 |    182 |     91 |   4358 |   7 |  757.7 |
        Temple |    115 |     78 |     37 |      0 |     66 |   1 |  115.0 |
               +--------+--------+--------+--------+--------+-----+--------+

Top non-repeatable levels by time:
     D:4: 1177 daAuts
     D:1: 1164 daAuts
     D:5: 1154 daAuts
     D:3: 934 daAuts
     D:2: 657 daAuts
     D:6: 129 daAuts
  Temple: 115 daAuts
     D:7: 85 daAuts
